 Dungeon Crawl Stone Soup version 0.27.1-33-g824d729ab1 (webtiles) character file.

Game seed: 13282942415617521407

3343 CapHo the Fighter (level 9, -13/101 HPs)
             Began as a Troll Monk on Dec 27, 2021.
             Mangled by a seven-headed hydra (14 damage)
             ... on level 6 of the Dungeon.
             The game lasted 00:11:58 (5282 turns).

CapHo the Fighter (Troll Monk)                      Turns: 5282, Time: 00:12:00

Health: -13/101    AC:  6    Str: 24    XL:     9   Next: 72%
Magic:  8/8        EV: 12    Int:  6    God:
Gold:   288        SH:  0    Dex: 12    Spells: 8/8 levels left

rFire    . . .     SeeInvis .     - Unarmed
rCold    . . .     Faith    .   (no shield)
rNeg     + . .     Spirit   .   a - +0 robe
rPois    .         Reflect  .   c - +2 hat
rElec    .         Harm     .   (no cloak)
rCorr    .         Rampage  .   (gloves unavailable)
Will     .....                  (boots unavailable)
Stlth    ++........             e - amulet of magic regeneration
HPRegen  1.26/turn              u - ring of positive energy
MPRegen  0.36/turn              (no ring)

@: no status effects
A: large, unfitting armour, claws 3, regeneration 1, shaggy fur 1, tough skin 1
a: no special abilities


You were on level 6 of the Dungeon.
You visited 2 branches of the dungeon, and saw 9 of its levels.

You collected 288 gold pieces.

Inventory:

Armour
 a - a +0 robe (worn)
 c - a +2 hat (worn)
Jewellery
 e - an amulet of magic regeneration (around neck)
 u - a ring of positive energy (left claw)
 v - a ring of willpower
 A - a +6 ring of dexterity
Wands
 n - a wand of mindburst (52)
 o - a wand of acid (9)
 r - a wand of polymorph (6)
 x - a wand of paralysis (4)
 z - a wand of flame (7)
Scrolls
 b - 2 scrolls of enchant armour {unknown}
 d - a scroll of magic mapping {unknown}
 f - 3 scrolls of teleportation {unknown}
 j - a scroll of silence {unknown}
 m - 3 scrolls of identify {unknown}
 q - a scroll of noise {unknown}
 s - a scroll of fog {unknown}
 w - a scroll of enchant weapon {unknown}
 y - a scroll of brand weapon {unknown}
Potions
 g - a potion of ambrosia {unknown}
 h - 2 potions of berserk rage {unknown}
 i - 2 potions of curing {unknown}
 k - 3 potions of flight {unknown}
 l - 2 potions of magic {unknown}
 p - a potion of degeneration {unknown}
 t - 2 potions of lignification {unknown}
 B - a potion of might


   Skills:
 * Level 9.8 Fighting
 + Level 7.0 Dodging
 - Level 1.3 Stealth
 - Level 3.0 Unarmed Combat


You had 8 spell levels left.
You didn't know any spells.
Your spell library contained the following spells:

 Spells                   Type           Power      Damage    Failure   Level
 Conjure Ball Lightning   Conj/Air       0%         3x3d6     100%        6
 Discord                  Hex            0%         N/A       100%        8
 Disjunction              Tloc           0%         N/A       100%        8


Dungeon Overview and Level Annotations

Branches:
Dungeon (8/15)             Temple (1/1) D:5
   Lair: D:8-11

Altars:
Ashenzari
Cheibriados
Dithmenos
Elyvilon
Fedhas
Gozag
Hepliaklqana
Kikubaaqudgha
Nemelex Xobeh
Qazlal
Ru
Sif Muna
Trog
Uskayaw
Vehumet
Xom
Yredelemnul

Shops:
D:3 :

Annotations:
D:7 3 runed translucent doors, brob1's ghost, novice DjFE


Innate Abilities, Weirdness & Mutations

You are too large for most types of armour.
You have claws for hands.
Your natural rate of healing is unusually fast.
You are covered in fur. (AC +1)
You have tough skin. (AC +1)


Message History

No target in view!
No target in view!
No target in view!
No target in view!
You now have 288 gold pieces (gained 6).
A six-headed hydra comes into view.
The six-headed hydra roars!
A six-headed hydra is nearby!
A six-headed hydra is nearby!
A six-headed hydra is nearby!
A six-headed hydra is nearby!
A six-headed hydra is nearby!
A necrophage comes into view.
The six-headed hydra misses you. The six-headed hydra bites you!
The six-headed hydra barely misses you. The six-headed hydra bites you! x3
You barely miss the six-headed hydra. You claw the six-headed hydra!
The six-headed hydra is moderately wounded.
The six-headed hydra bites you! x2
The six-headed hydra bites you but does no damage.
The six-headed hydra barely misses you.
The six-headed hydra closely misses you.
The six-headed hydra bites you!
You barely miss the six-headed hydra.
The six-headed hydra is moderately wounded.
The six-headed hydra bites you but does no damage.
The six-headed hydra bites you!
* * * LOW HITPOINT WARNING * * *
The six-headed hydra closely misses you.
The six-headed hydra bites you!
* * * LOW HITPOINT WARNING * * *
The six-headed hydra bites you.
* * * LOW HITPOINT WARNING * * *
The six-headed hydra barely misses you.
You claw one of the six-headed hydra's heads off!
The five-headed hydra grows two more!
You claw the seven-headed hydra!
The seven-headed hydra is lightly wounded.
The seven-headed hydra bites you.
* * * LOW HITPOINT WARNING * * *
The seven-headed hydra bites you!
You die...

### ..# ### #.# ..#
##.## #.# .n. #[#
#D# #.# ##@##
#.##########.##...#
.....^............#
#.#..#.####^####..#
#.##.#.# ..... #..#
#.##...# ......#..#
#.##...# ......#..#
..##.#.^.$._...^..#
####.#.#:......#..#


You could see a seven-headed hydra and a necrophage.

Vanquished Creatures
  A two-headed ogre (D:8)
  Sigmund (D:3)
  4 yaks (D:5)
  Edmund (D:5)
  An orc warrior (D:5)
  An ice beast (D:7)
  2 black bears
  A necrophage (D:7)
  2 ogres (D:5)
  2 phantoms (D:5)
  2 bullfrogs
  A kobold brigand (D:6)
  A gnoll sergeant (D:4)
  A scorpion (D:5)
  3 orc priests (D:3)
  A bullfrog zombie (D:7)
  2 centaur skeletons (D:6)
  2 jellies (D:5)
  Jessica (D:2)
  2 iguanas
  A scorpion zombie (D:5)
  3 orc wizards
  A killer bee zombie (D:8)
  4 hound skeletons
  2 howler monkey zombies (D:5)
  5 gnolls (D:4)
  7 adders
  A shadow imp (D:5)
  2 white imps
  An ufetubus (D:5)
  A worm (D:2)
  4 dart slugs
  20 orcs
  6 endoplasms
  6 giant cockroaches
  10 hobgoblins
  6 jackals (D:1)
  A quokka (D:1)
  7 ball pythons
  6 bats
  A frilled lizard (D:2)
  10 goblins
  15 kobolds
  4 rats
156 creatures vanquished.

Vanquished Creatures (others)
  A fungus (D:7)
  3 plants (D:7)
4 creatures vanquished.

Grand Total: 160 creatures vanquished

Notes
Turn   | Place    | Note
-------+----------+-------------------------------------------
     0 | D:1      | CapHo the Troll Monk began the quest for the Orb.
     0 | D:1      | Reached XP level 1. HP: 22/22 MP: 0/0
    87 | D:1      | Reached XP level 2. HP: 29/29 MP: 1/1
   265 | D:1      | Reached skill level 3 in Fighting
   428 | D:1      | Reached XP level 3. HP: 37/37 MP: 2/2
   799 | D:2      | Found a faded altar of an unknown god.
   809 | D:2      | Noticed Jessica
   813 | D:2      | Killed Jessica
   814 | D:2      | Reached XP level 4. HP: 48/48 MP: 3/3
  1231 | D:2      | Found a shimmering altar of Xom.
  1537 | D:3      | Reached skill level 4 in Fighting
  1537 | D:3      | Reached XP level 5. HP: 38/54 MP: 4/4
  1787 | D:3      | Noticed Sigmund
  1814 | D:3      | Killed Sigmund
  1815 | D:3      | Reached skill level 5 in Fighting
  1815 | D:3      | Reached XP level 6. HP: 35/66 MP: 5/5
  1869 | D:3      | Found Pajac's Book Shop.
  2280 | D:3      | Found a blossoming altar of Fedhas.
  2281 | D:3      | Found a sparkling altar of Nemelex Xobeh.
  2282 | D:3      | Found a hide-covered altar of Uskayaw.
  2469 | D:4      | Found a hazy altar of Hepliaklqana.
  3068 | D:4      | Reached XP level 7. HP: 72/72 MP: 6/6
  3714 | D:5      | Entered Level 5 of the Dungeon
  3717 | D:5      | Reached skill level 6 in Fighting
  3761 | D:5      | You fall into a shaft and drop 3 floors!
  3816 | D:8      | Noticed a two-headed ogre
  3846 | D:8      | Killed a two-headed ogre
  3847 | D:8      | Reached skill level 7 in Fighting
  3847 | D:8      | Reached skill level 5 in Dodging
  3847 | D:8      | Reached XP level 8. HP: 15/87 MP: 7/7
  3996 | D:7      | Found a runed translucent gate.
  3996 | D:7      | Found a runed translucent gate.
  3996 | D:7      | Found a runed translucent gate.
  3998 | D:7      | Noticed brob1's ghost (novice DjFE)
  4067 | D:7      | Reached skill level 8 in Fighting
  4185 | D:5      | Noticed Edmund
  4201 | D:5      | Killed Edmund
  4202 | D:5      | Reached XP level 9. HP: 62/97 MP: 8/8
  4361 | D:5      | Reached skill level 9 in Fighting
  4781 | D:5      | Found a radiant altar of Vehumet.
  4964 | D:5      | Found a staircase to the Ecumenical Temple.
  4970 | Temple   | Entered the Ecumenical Temple
  5191 | D:6      | Found a sacrificial altar of Ru.
  5236 | D:6      | Found a broken altar of Ashenzari.
  5276 | D:6      | Noticed a six-headed hydra
  5281 | D:6      | HP: 1/101 [six-headed hydra (6)]
  5282 | D:6      | Mangled by a seven-headed hydra

Illustrated notes

Levels and vault maps discovered:
D:1:      minmay_arrival_five_plusses, layout_loops_ring
D:2:      minmay_spotlight, layout_loops_ring, basic_altar,
          ebering_ecumenical_altar_mist, uniq_jessica
D:3:      layout_basic, minitemple, serial_shops, nicolae_lakefront_shop,
          kennysheep_generic_room_10, uniq_sigmund
D:4:      layout_loops_corners, mainiacjoe_overflow_surrounded_room,
          minmay_misc_feat_alley, kennysheep_diamond, corexii_hall_statues_s,
          lightli_minifort
D:5:      minmay_skewed_foursquare, layout_basic, vehumet_altar_wand_db,
          minmay_temple_entry_grid, moated_statue, uniq_edmund
D:6:      layout_loops_ring, okawaru_altar_gauntlet_db, lemuel_tele_altar,
          nicolae_ru_sacrificial_ziggurat, hellmonk_ghost_happy_afterlife
D:7:      layout_layer_cave, amcnicky_altar_gilded,
          gammafunk_ghost_nasty_kobolds, serial_bayou_lagoon_a, kennysheep_nub,
          grunt_decor_one_mirror
D:8:      layout_basic, makhleb_altar_promises_db
Temple:   eino_wide_crystal_templ

Skill      XL: |  1  2  3  4  5  6  7  8  9 |
---------------+----------------------------+-----
Fighting       | 3 4 5 7 8 9 |  9.8
Dodging        | 3 4 5 6 7 |  7.0
Stealth        | |  1.3
Unarmed Combat | |  3.0

Action                   |  1- 3 |  4- 6 |  7- 9 || total
-------------------------+-------+-------+-------++-------
Melee: Unarmed           |    78 |   168 |   315 ||   561
       Punch             |       |     2 |     5 ||     7
 Stab: Sleeping          |     5 |     5 |     3 ||    13
Armor: Robe              |    23 |    39 |   104 ||   166
Dodge: Dodged            |    25 |    72 |   194 ||   291
